 Dungeon Crawl Stone Soup version 0.28-a0-769-g550dbda0cd (webtiles) character file.

Game seed: 955792235133033042

14872 demibob the Spear-Bearer (level 11, -4/103 HPs)
             Began as a Pale Draconian Chaos Knight on Oct 31, 2021.
             Was a Plaything of Xom.
             Hit by a silver javelin thrown by a minotaur (24 damage)
             ... in a Gauntlet on Nov 1, 2021.
             The game lasted 00:42:22 (11299 turns).

demibob the Spear-Bearer (DrCK)                    Turns: 11299, Time: 00:42:25

Health: -4/103     AC:  9    Str: 12    XL:     11   Next: 94%
Magic:  11/11      EV: 15    Int: 13    God:    Xom [..*...]
Gold:   2268       SH:  7    Dex: 14    Spells: 10/10 levels left

rFire   . . .      SeeInvis +   a - +1 trident (vamp)
rCold   . . .      Faith    .   e - +0 buckler
rNeg    + . .      Spirit   .   (armour unavailable)
rPois   .          Reflect  .   (helmet restricted)
rElec   .          Harm     .   (no cloak)
rCorr   .          Rampage  .   (no gloves)
Will    .....      NoTele   +   b - +1 pair of boots
Stlth   +.........              (no amulet)
HPRegen 1.27/turn               N - ring of positive energy
MPRegen 0.12/turn               (no ring)

@: mighty, brilliant, studying Unarmed Combat
A: breathe steam, AC +7, unfitting armour, cold-blooded, steam resistance,
antennae 2, hooves 1, see invisible, regeneration 1, robust 1, weak 1
a: Breathe Steam, Renounce Religion


You were in a Gauntlet.
You worshipped Xom.
You were a toy of Xom.
You visited 2 branches of the dungeon, and saw 11 of its levels.
You also visited: Sewer, Ossuary and Gauntlet.

You collected 2326 gold pieces.
You spent 58 gold pieces at shops.


Innate Abilities, Weirdness & Mutations

You can breathe blasts of scalding, opaque steam.
Your pale cyan-grey scales are hard. (AC +7)
You cannot fit into any form of body armour.
You are cold-blooded and may be slowed by cold attacks.
You are immune to the effects of steam.
You have a pair of antennae on your head.
You have large cloven feet.
You have supernaturally acute eyesight. (SInv)
Your natural rate of healing is unusually fast.
You are robust. (+10% HP)
You are weak. (Str -2)


   Skills:
 - Level 8.1 Fighting
 + Level 13.7 Polearms
 - Level 6.5 Dodging
 + Level 10.5 Shields


You had 10 spell levels left.
You didn't know any spells.
Your spell library contained the following spells:

 Spells                   Type           Power      Damage    Failure   Level
 Animate Skeleton         Necr           0%         N/A       30%         1
 Pain                     Necr           0%         1d4       30%         1
 Slow                     Hex            0%         N/A       30%         1
 Ensorcelled Hibernation  Hex/Ice        0%         N/A       43%         2
 Confusing Touch          Hex            0%         N/A       67%         3
 Portal Projectile        Hex/Tloc       0%         N/A       67%         3
 Tukima's Dance           Hex            0%         N/A       67%         3
 Vampiric Draining        Necr           0%         2d6       67%         3
 Blade Hands              Tmut           0%         N/A       100%        5
 Excruciating Wounds      Necr           0%         N/A       100%        5
 Fireball                 Conj/Fire      0%         3d3       100%        5
 Iskenderun's Battlesphe  Conj           0%         2d6       100%        5
 Conjure Ball Lightning   Conj/Air       0%         3x3d6     100%        6
 Orb of Destruction       Conj           0%         N/A       100%        7

Inventory:

Hand Weapons
 a - a +1 vampiric trident (weapon)
 j - a +1 hand axe of electrocution
 u - a +1 spear of venom
Armour
 b - a +1 pair of boots (worn)
 d - a +2 pair of gloves of stealth
 e - a +0 buckler (worn)
Magical Staves
 v - a staff of cold {!a}
Jewellery
 C - a ring of ice
 F - a ring of fire
 L - a ring of flight
 N - a ring of positive energy (left hand)
 Z - a ring of wizardry
Wands
 i - a wand of polymorph (8)
Scrolls
 c - a scroll of enchant armour
 h - 2 scrolls of enchant weapon
 k - a scroll of teleportation {@r2}
 t - 3 scrolls of identify {@r1}
Potions
 g - 3 potions of curing {@q1}
 l - a potion of flight
 m - a potion of might
 n - 3 potions of lignification
 o - a potion of mutation {unknown}
 p - a potion of resistance {unknown}
 s - 3 potions of brilliance
 w - 2 potions of attraction {unknown}
 x - 2 potions of magic

Dungeon Overview and Level Annotations

Branches:
Dungeon (9/15)             Temple (0/1) D:5            Lair (2/6) D:8
  Sewer (visited)         Ossuary (visited)         Gauntlet (1/1)
  Swamp: Lair:2-4    Shoals: Lair:2-4     Snake: Lair:2-4    Spider: Lair:2-4
    Orc: D:9-12

Altars:
Ashenzari
Cheibriados
Dithmenos
Elyvilon
Fedhas
Okawaru
Qazlal
Trog
Wu Jian
Xom

Shops:
D:1 [

Annotations:
D:7 2 transporters, dolemite99's ghost, novice MiMo
D:9 2 transporters Gauntlet 6 transporters

▒[. ▒░░░ ▒8. ▒.8░░░ ▒§.
▒....░ ▒8§ ▒..░.░
.░..▒▒'▒▒..░.░
...........H.░
.░.░░.░.░░.░.░ ..
░....░.░
.░.░░░░░░░.░@░▓▓
...............▓
.8.8.©.©.8.8.8.▓
...............▓
▒▒▒▒▒▒▒▒▒▒▒▒▒▒▒▒▒▒ ▒▒
▒▒▒≈▒▒▒.......▒▒▒≈▒▒▒≈▒▒
≈▒≈≈≈▒..∩.8.∩..▒≈≈≈▒≈≈≈▒
.....................≈▒
.▒▒▒▒▒▒▒▒▒.▒▒▒▒▒▒▒▒▒.▒▒


You could see a minotaur.


Message History

* * * LOW HITPOINT WARNING * * *
The minotaur draws strength from your wounds!
You are too injured to fight recklessly!
Unknown command.
Reach: a) +1 trident (vamp)
Press: ? - help, Dir - move target, f/p - minotaur
Aim: a minotaur, wielding a +1 vampiric demon trident, wearing the +5 ring mail of the Fiend {Dex+2 Slay+3 SInv}, wearing a +2 kite shield of reflection, wearing a ring of protection from fire and quivering silver javelins (lightly wounded, about 23% to evade your +1 vampiric trident)
You reach to attack!
You barely miss the minotaur.
The minotaur is lightly wounded.
The minotaur throws a silver javelin.
The silver javelin barely misses you.
Reach: a) +1 trident (vamp)
Press: ? - help, Dir - move target, f/p - minotaur
Aim: a minotaur, wielding a +1 vampiric demon trident, wearing the +5 ring mail of the Fiend {Dex+2 Slay+3 SInv}, wearing a +2 kite shield of reflection, wearing a ring of protection from fire and quivering silver javelins (lightly wounded, about 23% to evade your +1 vampiric trident)
You reach to attack!
You closely miss the minotaur.
The minotaur is lightly wounded.
Reach: a) +1 trident (vamp)
Press: ? - help, Dir - move target, f/p - minotaur
Aim: a minotaur, wielding a +1 vampiric demon trident, wearing the +5 ring mail of the Fiend {Dex+2 Slay+3 SInv}, wearing a +2 kite shield of reflection, wearing a ring of protection from fire and quivering silver javelins (lightly wounded, about 23% to evade your +1 vampiric trident)
You reach to attack!
The minotaur blocks your attack.
The minotaur is lightly wounded.
The minotaur throws a silver javelin.
The silver javelin pierces through you!!
* * * LOW HITPOINT WARNING * * *
The silver sears you!
* * * LOW HITPOINT WARNING * * *
You have got your breath back.
The minotaur throws a silver javelin.
The silver javelin pierces through you!!
You die...
Xom chortles!

Skill      XL: |  1  2  3  4  5  6  7  8  9 10 11 |
---------------+----------------------------------+-----
Polearms       | 4 5 6 9 11 12 13 | 13.7
Shields        | 1 2 3 4 5 7 10 | 10.5
Fighting       | 5 8 |  8.1
Dodging        | 4 6 |  6.5

Action                   |  1- 3 |  4- 6 |  7- 9 | 10-12 || total
-------------------------+-------+-------+-------+-------++-------
Melee: Spear             |   145 |   265 |   525 |   393 ||  1328
       Tailslap          |    15 |    25 |    47 |    68 ||   155
       Kick              |     8 |       |       |       ||     8
       Trident           |       |       |       |   284 ||   284
 Abil: Breathe Steam     |       |       |    18 |    42 ||    60
Evoke: Wand              |       |     1 |       |       ||     1
  Use: Scroll            |     4 |     8 |     7 |    10 ||    29
       Potion            |       |     3 |       |    10 ||    13
 Stab: Petrifying        |     3 |     1 |       |     2 ||     6
       Petrified         |     1 |    10 |       |     8 ||    19
       Sleeping          |     1 |     5 |       |     1 ||     7
       Confused          |       |     1 |     5 |    13 ||    19
       Distracted        |       |     1 |       |     1 ||     2
       Paralysed         |       |       |     9 |    16 ||    25
       Invisible         |       |       |       |     9 ||     9
Armor: Skin              |    34 |    49 |    90 |    99 ||   272
Dodge: Dodged            |    65 |    90 |   143 |   210 ||   508
Block: Buckler           |     7 |    38 |    60 |   107 ||   212

Levels and vault maps discovered:
D:1:      lemuel_arrival_muddy, layout_basic, serial_shops, shop
D:2:      minmay_razor_zed, layout_loops_corners,
          dreamdust_ecumenical_altar_hidden_monk_grotto, grunt_ministairs_3,
          minmay_shallow_snake_nest, uniq_terence
D:3:      layout_loops_corners, mainiacjoe_overflow_six_doors_small,
          minivault_24, amcnicky_mini_rare_corridor_liquid,
          minmay_misc_feat_roman, dk_noncrumbling_3, uniq_natasha
D:4:      layout_gridville, uniq_pikel, uniq_eustachio
D:5:      layout_basic, lemuel_tele_altar, minmay_temple_entry_butterflies,
          gup_sewer_entry_bubbles, uniq_menkaure, uniq_sigmund
D:6:      layout_cave_pools, hellmonk_ghost_happy_afterlife, minivault_27,
          minmay_puff
D:7:      layout_layer_cave, nicolae_ossuary_entry_ruins, gammafunk_ghost_hive
D:8:      layout_loops_corners, minitemple, erik_lair_island
D:9:      layout_grid_maze, gammafunk_temple_overflow_arena,
          nicolae_ashenzari_skybound
Lair:1:   layout_cave_pods, infiniplex_staircase_pool, grunt_megastairs_3,
          uniq_maggie
Lair:2:   dragon1_lemuel, layout_layer_cave, elwin_shoals_entry_stream,
          gauntlet_entry_generic
Gauntlet: minmay_gauntlet_77_indecision [minmay_gauntlet_arena_77_p_blocks,
          minmay_gauntlet_arena_77_museum, minmay_gauntlet_arena_77_box,
          minmay_gauntlet_arena_77_block_sizes,
          minmay_gauntlet_arena_77_chump_sandwich,
          minmay_gauntlet_arena_77_two_paths,
          nicolae_gauntlet_exit_dead_adventurers]

Notes
Turn   | Place    | Note
-------+----------+-------------------------------------------
     0 | D:1      | demibob the Draconian Chaos Knight began the quest for the
                  | Orb.
     0 | D:1      | Reached XP level 1. HP: 19/19 MP: 1/1
   371 | D:1      | Reached XP level 2. HP: 19/26 MP: 2/2
   550 | D:1      | XOM: silly message
   598 | D:1      | Reached skill level 4 in Polearms
   660 | D:1      | Found Gaicuh's Armour Shoppe.
   693 | D:1      | XOM: silly message
   799 | D:1      | Reached XP level 3. HP: 23/31 MP: 3/3
   967 | D:1      | XOM: cloud trail
  1004 | D:1      | XOM: give mutations
  1004 | D:1      | Gained mutation: Your natural rate of healing is unusually
                  | fast. [Xom's grace]
  1004 | D:1      | Gained mutation: You have large cloven feet. [Xom's grace]
  1004 | D:1      | Gained mutation: You are robust. (+10% HP) [Xom's grace]
  1004 | D:1      | Gained mutation: You have hidden genetic potential. [Xom's
                  | grace]
  1115 | D:1      | XOM: noise
  1116 | D:1      | XOM: god gift: buckler {god gift}
  1157 | D:1      | XOM: divination: magic mapping
  1278 | D:2      | XOM: divination: detect creatures
  1391 | D:2      | XOM: scenery: create altars
  1425 | D:2      | Identified a scroll of acquirement
  1425 | D:2      | Acquired 942 gold pieces
  1490 | D:2      | Reached skill level 1 in Shields
  1560 | D:2      | XOM: 3-stop teleportation journey
  1602 | D:1      | Bought a +0 pair of boots for 58 gold pieces
  1836 | D:2      | Reached XP level 4. HP: 40/41 MP: 4/4
  1846 | D:2      | Gained mutation: You have a pair of small antennae on your
                  | head. [hidden potential]
  2108 | D:2      | Reached skill level 2 in Shields
  2359 | D:2      | Noticed Terence
  2360 | D:2      | XOM: enchant monster (good)
  2389 | D:2      | Killed Terence
  2390 | D:2      | Reached skill level 5 in Polearms
  2390 | D:2      | Reached XP level 5. HP: 49/49 MP: 5/5
  2464 | D:2      | XOM: give mutation
  2464 | D:2      | Gained mutation: You have a pair of antennae on your head.
                  | [Xom's mischief]
  2504 | D:2      | XOM: god gift: whip {god gift}
  2528 | D:2      | Found a faded altar of an unknown god.
  2634 | D:3      | Noticed Natasha
  2641 | D:3      | Killed Natasha
  2648 | D:3      | Gained mutation: You have supernaturally acute eyesight.
                  | (SInv) [hidden potential]
  2648 | D:3      | Lost mutation: You have hidden genetic potential. [hidden
                  | potential expressed]
  2720 | D:3      | XOM: scenery: summon butterflies
  2870 | D:3      | Reached skill level 3 in Shields
  2965 | D:3      | Noticed Natasha
  2975 | D:3      | Killed Natasha
  2977 | D:3      | Found a stormy altar of Qazlal.
  2985 | D:3      | Noticed a phantom
  2988 | D:3      | XOM: destruction
  2993 | D:3      | Killed a phantom
  2994 | D:3      | Reached XP level 6. HP: 54/56 MP: 6/6
  3116 | D:3      | XOM: scenery: create altars
  3266 | D:3      | XOM: divination: detect items
  3414 | D:3      | Noticed Natasha
  3426 | D:3      | Killed Natasha
  3747 | D:4      | Acquired 773 gold pieces
  3820 | D:4      | XOM: smoke on damage
  3824 | D:4      | Reached skill level 6 in Polearms
  3824 | D:4      | Reached skill level 4 in Shields
  3890 | D:4      | Noticed Pikel
  3900 | D:4      | XOM: confuse monster(s)
  3950 | D:4      | XOM: summons 4 friendly demons
  4001 | D:4      | XOM: enchant monster (good)
  4030 | D:4      | Your scales start taking on a pale cyan-grey colour.
  4030 | D:4      | Reached XP level 7. HP: 39/62 MP: 7/7
  4030 | D:4      | Gained mutation: You are immune to the effects of steam.
                  | [Pale Draconian growth]
  4036 | D:4      | Killed Pikel
  4037 | D:4      | Reached skill level 7 in Polearms
  4267 | D:4      | Noticed Eustachio
  4273 | D:4      | XOM: divination: detect items
  4278 | D:4      | Killed Eustachio
  4279 | D:4      | Reached skill level 8 in Polearms
  4789 | D:5      | Entered Level 5 of the Dungeon
  4793 | D:5      | XOM: enchant monster (bad)
  4878 | D:5      | Reached skill level 9 in Polearms
  4878 | D:5      | Reached XP level 8. HP: 59/69 MP: 8/8
  4922 | D:5      | XOM: 1-stop teleportation journey
  4926 | D:5      | Noticed Sigmund
  4930 | D:5      | XOM: divination: detect items
  4938 | D:5      | XOM: confuse monster(s)
  5020 | D:5      | Found a glowing drain.
  5026 | Sewer    | Entered a sewer
  5114 | Sewer    | XOM: cast spell 'Alistair's Intoxication'
  5248 | D:5      | Killed Sigmund
  5249 | D:5      | Reached skill level 10 in Polearms
  5272 | D:5      | Found an ornate altar of the Wu Jian Council.
  5528 | D:5      | XOM: chaos upgrade
  5534 | D:5      | Noticed Menkaure
  5595 | D:5      | XOM: scenery: create altars
  5598 | D:5      | Killed Menkaure
  5599 | D:5      | Reached skill level 11 in Polearms
  5622 | D:5      | XOM: god gift: 50 gold pieces
  5673 | D:5      | Found a staircase to the Ecumenical Temple.
  5773 | D:6      | Reached XP level 9. HP: 49/77 MP: 9/9
  5877 | D:6      | Found a runed translucent door.
  5923 | D:6      | Noticed Demosthentine's ghost (novice MfGl)
  5931 | D:6      | XOM: enchant monster (good)
  5977 | D:6      | XOM: confuse monster(s)
  5980 | D:6      | XOM: potion effect (might)
  6014 | D:6      | XOM: summons friendly iron imp
  6022 | D:6      | Killed Demosthentine's ghost
  6023 | D:6      | Reached skill level 12 in Polearms
  6069 | D:6      | Reached skill level 4 in Fighting
  6125 | D:6      | Reached skill level 3 in Dodging
  6295 | D:6      | XOM: divination: magic mapping
  6309 | D:6      | Reached skill level 5 in Fighting
  6309 | D:6      | Reached skill level 5 in Shields
  6441 | D:6      | Reached skill level 4 in Dodging
  6520 | D:6      | XOM: silly message
  6690 | D:7      | Found a transporter.
  6691 | D:7      | Found a transporter.
  6709 | D:7      | Found a sand-covered staircase.
  6714 | Ossuary  | Entered an ossuary
  6764 | Ossuary  | XOM: silly message
  6768 | Ossuary  | XOM: 3-stop teleportation journey
  6855 | Ossuary  | XOM: summons friendly crimson imp
  6860 | Ossuary  | XOM: god gift: 34 gold pieces
  6861 | Ossuary  | XOM: cleaving
  6864 | Ossuary  | XOM: 2-stop teleportation journey
  6876 | Ossuary  | Reached XP level 10. HP: 91/91 MP: 10/10
  6920 | Ossuary  | Reached skill level 6 in Shields
  6944 | Ossuary  | XOM: give mutation
  6944 | Ossuary  | Gained mutation: You are weak. (Str -2) [Xom's mischief]
  7018 | Ossuary  | Reached skill level 6 in Fighting
  7032 | Ossuary  | XOM: silly message
  7155 | D:7      | Noticed dolemite99's ghost (novice MiMo)
  7399 | D:7      | XOM: 2-stop teleportation journey
  7465 | D:7      | XOM: enchant monster (good)
  7651 | D:7      | Reached skill level 5 in Dodging
  7841 | D:7      | XOM: cast spell 'Alistair's Intoxication'
  7880 | D:7      | XOM: scenery: create altars
  8272 | D:8      | XOM: 8-stop teleportation journey
  8288 | D:8      | XOM: cleaving
  8383 | D:8      | Found a shadowy altar of Dithmenos.
  8387 | D:8      | Found a snail-covered altar of Cheibriados.
  8388 | D:8      | Found an iron altar of Okawaru.
  8420 | D:8      | Reached skill level 7 in Fighting
  8476 | D:8      | Found a staircase to the Lair.
  8478 | D:8      | XOM: divination: detect items
  8479 | D:8      | Reached skill level 7 in Shields
  8487 | D:8      | XOM: confusion (+ monsters)
  8599 | D:8      | XOM: fog
  8621 | D:8      | Reached skill level 6 in Dodging
  8657 | D:8      | XOM: god gift: scroll of enchant weapon
  8682 | D:8      | XOM: cloud trail
  8733 | D:8      | XOM: enchant monster (bad)
  8745 | D:8      | XOM: polymorph killer bee -> swamp drake
  8832 | D:8      | XOM: enchant monster (good)
  8861 | D:8      | XOM: stat loss: -1 Dex (13/14)
  8907 | D:8      | XOM: scenery: summon butterflies
  8909 | D:8      | Reached skill level 8 in Fighting
  8974 | D:8      | XOM: divination: detect items
  9418 | D:9      | Found a blossoming altar of Fedhas.
  9420 | D:9      | Found a bloodstained altar of Trog.
  9420 | D:9      | Found a white marble altar of Elyvilon.
  9420 | D:9      | Noticed a boulder beetle
  9420 | D:9      | Noticed a cyclops
  9423 | D:9      | Noticed a two-headed ogre
  9424 | D:9      | Found a transporter.
  9424 | D:9      | Noticed a white ugly thing
  9485 | D:9      | Found a transporter.
  9577 | D:9      | Found a broken altar of Ashenzari.
  9918 | D:9      | Reached XP level 11. HP: 103/103 MP: 11/11
  9970 | D:9      | XOM: noise
  9974 | D:9      | Reached skill level 8 in Shields
 10010 | D:9      | XOM: silly message
 10197 | D:9      | XOM: noise
 10244 | Lair:1   | Entered Level 1 of the Lair of Beasts
 10263 | Lair:1   | XOM: god gift: staff of cold
 10264 | Lair:1   | XOM: summons friendly quasit
 10316 | Lair:1   | XOM: scenery: summon butterflies
 10338 | Lair:1   | XOM: confuse monster(s)
 10343 | Lair:1   | XOM: cleaving
 10344 | Lair:1   | Reached skill level 9 in Shields
 10361 | Lair:1   | XOM: potion effect (invisibility)
 10368 | Lair:1   | XOM: summons friendly crimson imp
 10376 | Lair:1   | XOM: divination: detect items
 10384 | Lair:1   | XOM: silly message
 10388 | Lair:1   | Reached skill level 13 in Polearms
 10411 | Lair:1   | Noticed Maggie
 10503 | Lair:1   | Killed Maggie
 10535 | Lair:1   | XOM: cast spell 'Summon Mana Viper'
 10634 | Lair:1   | XOM: confuse monster(s)
 10645 | Lair:1   | XOM: enchant monster (bad)
 10655 | Lair:1   | Reached skill level 10 in Shields
 10961 | Lair:1   | You fall into a shaft and drop 1 floor!
 10968 | Lair:2   | Found a gate leading to a gauntlet.
 10977 | Gauntlet | Entered a Gauntlet
 10977 | Gauntlet | Found a transporter.
 10977 | Gauntlet | Found a transporter.
 10989 | Gauntlet | Found a transporter.
 10990 | Gauntlet | Found a transporter.
 11000 | Gauntlet | Found a transporter.
 11001 | Gauntlet | Found a transporter.
 11005 | Gauntlet | Noticed a blizzard demon
 11012 | Gauntlet | Found a transporter.
 11013 | Gauntlet | Found the +10 morningstar "Eos" {elec, Halo rElec}
 11022 | Gauntlet | Noticed a dire elephant
 11025 | Gauntlet | Found a transporter.
 11039 | Gauntlet | Found a transporter.
 11043 | Gauntlet | Found a transporter.
 11047 | Gauntlet | Noticed a wizard
 11051 | Gauntlet | Found a transporter.
 11055 | Gauntlet | Found a transporter.
 11103 | Gauntlet | XOM: confusion (+ monsters)
 11109 | Gauntlet | XOM: blink monster(s)
 11111 | Gauntlet | XOM: cast spell 'Summon Ice Beast'
 11153 | Gauntlet | XOM: summons friendly ufetubus
 11218 | Gauntlet | XOM: potion effect (brilliance)
 11223 | Gauntlet | Killed a wizard
 11272 | Gauntlet | Identified the +5 ring mail of the Fiend {Dex+2 Slay+3
                  | SInv}
 11272 | Gauntlet | Noticed a minotaur
 11299 | Gauntlet | Hit by a silver javelin thrown by a minotaur

Vanquished Creatures
  A wizard (Gauntlet)
  Pikel (D:4)
  The ghost of Demosthentine the Spear-Bearer, a novice MfGl of Zin (D:6)
  Maggie (Lair:1)
  3 cane toads (Lair:1)
  2 komodo dragons (Lair:1)
  2 kobold demonologists
  A troll (D:8)
  11 blink frogs (Lair:1)
  4 flying skulls (Gauntlet)
  A wraith (D:9)
  Sigmund (D:5)
  Eustachio (D:4)
  2 basilisks (Lair:1)
  4 yaks (D:8)
  A steam dragon (D:8)
  Menkaure (D:5)
  7 water moccasins
  A swamp drake (D:8)
  2 hornet zombies
  An ice beast (D:6)
  4 orc warriors
  2 black bears
  2 necrophages
  14 wolves
  2 centaurs (D:8)
  3 phantoms
  A lemure (D:4)
  7 kobold brigands
  A gnoll sergeant (D:7)
  2 bullfrogs
  A scorpion (D:7)
  A wyvern skeleton (D:6)
  2 wyvern zombies
  2 water moccasin zombies
  A water moccasin skeleton (D:5)
  5 killer bees (D:8)
  2 electric eels (D:8)
  4 howler monkeys
  6 centaur zombies
  7 hounds
  A jelly (D:4)
  7 bullfrog zombies (Ossuary)
  4 orc priests
  A gnoll shaman (D:5)
  5 iguanas
  Terence (D:2)
  Natasha (thrice) (D:3)
  4 orc wizards
  4 killer bee zombies
  4 mummies (Ossuary)
  6 howler monkey zombies
  10 gnolls
  A howler monkey skeleton (D:6)
  12 adders
  A river rat (D:5)
  2 shadow imps
  4 white imps
  An ufetubus (D:5)
  4 worms
  5 dart slugs
  30 orcs
  4 endoplasms
  5 giant cockroaches
  14 goblins
  7 hobgoblins
  11 jackals
  34 kobolds
  5 quokkas
  10 ball pythons
  7 bats
  2 frilled lizards
  11 rats
  A butterfly (D:5)
339 creatures vanquished.

Vanquished Creatures (collateral kills)
  A cane toad (Lair:1)
  A centaur zombie (Ossuary)
  An orc priest (D:4)
  3 orcs
6 creatures vanquished.

Vanquished Creatures (others)
  7 fungi
  5 plants (D:2)
  8 withered plants
20 creatures vanquished.

Grand Total: 365 creatures vanquished

Table legend: (Time is in decaauts)
 A = Elapsed time spent in this place.
 B = Non-inter-level travel time spent in this place.
 C = Inter-level travel time spent in this place.
 D = Time resting spent in this place.
 E = Time spent auto-exploring this place.
 F = Levels seen in this place.
 G = Mean time per level.
                   A        B        C        D        E       F      G
               +--------+--------+--------+--------+--------+-----+--------+
         Total |  10773 |  10192 |    581 |    492 |   7048 |  14 |  769.5 |
       Dungeon |   9375 |   8795 |    580 |    380 |   6397 |   9 | 1041.7 |
          Lair |    633 |    633 |      0 |     16 |    365 |   2 |  316.5 |
         Sewer |    134 |    134 |      0 |      0 |     66 |   1 |  134.0 |
       Ossuary |    370 |    370 |      0 |     49 |    140 |   1 |  370.0 |
      Gauntlet |    259 |    259 |      0 |     46 |     80 |   1 |  259.0 |
               +--------+--------+--------+--------+--------+-----+--------+

Top non-repeatable levels by time:
     D:2: 1320 daAuts
     D:1: 1297 daAuts
     D:8: 1145 daAuts
     D:7: 1083 daAuts
     D:4: 1074 daAuts
     D:3: 1074 daAuts
     D:6: 843 daAuts
     D:9: 795 daAuts
     D:5: 740 daAuts
  Lair:1: 617 daAuts
 Ossuary: 370 daAuts
Gauntlet: 259 daAuts
   Sewer: 134 daAuts
  Lair:2: 15 daAuts

Table legend:
 A = Non-vault XP
 B = Vault XP
 C = Vault XP percentage of total XP
 D = Non-vault monster count
 E = Vault monster count
 F = Vault count percentage of total count
                 A         B        C        D         E       F
            +---------+---------+-------+---------+---------+-------
      Total |   14927 |    6319 |  29.7 |     255 |      88 |  25.7
            +---------+---------+-------+---------+---------+-------
        D:1 |      44 |       0 |   0.0 |      25 |       0 |   0.0
        D:2 |      68 |      96 |  58.5 |      19 |      20 |  51.3
        D:3 |     262 |      35 |  11.8 |      24 |       1 |   4.0
        D:4 |     370 |     454 |  55.1 |      20 |       2 |   9.1
        D:5 |     739 |     421 |  36.3 |      27 |      10 |  27.0
        D:6 |    1507 |     854 |  36.2 |      21 |       6 |  22.2
        D:7 |    1324 |       0 |   0.0 |      30 |       0 |   0.0
        D:8 |    2512 |     829 |  24.8 |      42 |       8 |  16.0
        D:9 |     918 |       0 |   0.0 |      13 |       0 |   0.0
     Lair:1 |    7183 |     839 |  10.5 |      34 |       2 |   5.6
      Sewer |       0 |     147 | 100.0 |       0 |       6 | 100.0
    Ossuary |       0 |    1065 | 100.0 |       0 |      26 | 100.0
   Gauntlet |       0 |    1579 | 100.0 |       0 |       7 | 100.0
            +---------+---------+-------+---------+---------+-------
